 Dungeon Crawl Stone Soup version 0.31-a0-819-gf6de2f5ab6 (webtiles) character file.

Game seed: 14485458938485902670

21 Bravepunisher the Ducker (level 2, 12/16 HPs)
             Began as a Spriggan Monk on Sept 23, 2023.
             Quit the game on level 4 of the Dungeon.
             The game lasted 00:02:42 (668 turns).

Bravepunisher the Ducker (Spriggan Monk)             Turns: 668, Time: 00:02:43

Health: 12/16      AC:  9    Str:  7    XL:     2   Next: 65%
Magic:  3/3        EV: 19    Int: 11    God:
Gold:   25         SH:  0    Dex: 17    Spells: 1/1 levels left

rFire   . . .        j - +0 short sword (protect)
rCold   . . .        (no shield)
rNeg    . . .        b - +0 robe
rPois   .            (helmet restricted)
rElec   .            (no cloak)
rCorr   .            (gloves unavailable)
SInv    +            (boots unavailable)
Will    .....        (no amulet)
Stlth   ++           (no ring)
HPRegen 0.22/turn    (no ring)
MPRegen 0.08/turn

%: no passive effects
@: under a protective aura, very quick
A: very small, no large weapons, unfitting armour, see invisible, speed 3
a: no special abilities


You were on level 4 of the Dungeon.
You visited 1 branch of the dungeon, and saw 5 of its levels.

You collected 25 gold pieces.

Inventory:

Hand Weapons
 j - a +0 short sword of protection (weapon)
Armour
 b - a +0 robe (worn)
 d - an orb of light
Wands
 k - a wand of flame (5)
Scrolls
 e - 2 scrolls of immolation {unknown}
 f - a scroll of noise {unknown}
 g - a scroll of fog {unknown}
 l - a scroll of identify {unknown}
Potions
 a - a potion of enlightenment {unknown}
 c - a potion of ambrosia
 h - 2 potions of brilliance {unknown}
 i - 2 potions of attraction {unknown}


   Skills:
 * Level 3.0 Fighting
 - Level 3.2 Short Blades
 + Level 4.5 Dodging


You had one spell level left.
You didn't know any spells.
Your spell library contained the following spells:

 Spells                   Type           Power      Damage    Failure   Level
 Frozen Ramparts          Ice            0%         1d1       71%         3
 Petrify                  Tmut/Erth      0%         N/A       98%         4
 Metabolic Englaciation   Hex/Ice        0%         N/A       100%        5


Dungeon Overview and Level Annotations

Branches:
Dungeon (5/15)
 Temple: D:4-7

Altars:
Ru

Annotations:
D:2 Robin
D:3 Terence
D:4 Blork the orc


Innate Abilities, Weirdness & Mutations

You are very small and have problems with some larger weapons.
You are too small for most types of armour.
You have supernaturally acute eyesight. (SInv)
You cover ground extremely quickly. (Speed+++)


Message History

The giant cockroach waves its antennae.
The giant cockroach completely misses you.
You closely miss the giant cockroach. The giant cockroach misses you.
You hit the giant cockroach but do no damage.
The giant cockroach bites you but does no damage.
The adder completely misses you.
You hit the giant cockroach.
The giant cockroach is severely wounded.
The giant cockroach misses you. The adder misses you.
You barely miss the giant cockroach.
The giant cockroach is severely wounded.
The adder completely misses you. The giant cockroach barely misses you.
You hit the giant cockroach but do no damage.
The giant cockroach is severely wounded.
The adder closely misses you. The giant cockroach closely misses you.
You hit the giant cockroach but do no damage.
The giant cockroach is severely wounded.
The adder closely misses you. The giant cockroach barely misses you.
You completely miss the giant cockroach.
The giant cockroach is severely wounded.
The adder completely misses you. The giant cockroach barely misses you.
You hit the giant cockroach.
The giant cockroach is almost dead.
The adder bites you but does no damage. The giant cockroach misses you.
The adder bites you but does no damage.
You barely miss the giant cockroach.
The giant cockroach is almost dead.
The giant cockroach bites you but does no damage.
The adder closely misses you.
You hit the giant cockroach.
You kill the giant cockroach!
The adder closely misses you.
You hit the orc but do no damage. The orc closely misses you.
The adder completely misses you.
You barely miss the orc. The adder completely misses you.
The orc completely misses you.
You hit the orc.
The orc is moderately wounded.
The adder misses you. The orc closely misses you.
Are you sure you want to abandon this character and quit the game? (Confirm with "yes".)

...........>.......#
............)......#
.##...##'##.########
.###+###.#####....#
.S...o.......#....#
..[.o........#....#
.............#....#
.............#.S..#
.............#.o@.#
###[.###..####)##.#
####+#########.####
.J...#..........#
.....#.....o....#
.....#..........#
#..####'#####.##
##..###...######
...o.o.......#


You could see an adder and an orc.

Vanquished Creatures
  An adder (D:2)
  A ball python (D:4)
  A giant cockroach (D:4)
  2 goblins (D:2)
  A hobgoblin (D:1)
  3 kobolds
  A bat (D:2)
  A frilled lizard (D:1)
  A rat (D:2)
12 creatures vanquished.

Notes
Turn   | Place    | Note
-------+----------+-------------------------------------------
     0 | D:1      | Bravepunisher the Spriggan Monk began the quest for the
                  | Orb.
     0 | D:1      | Reached XP level 1. HP: 11/11 MP: 2/2
   120 | D:2      | Reached XP level 2. HP: 12/16 MP: 3/3
   265 | D:2      | Noticed Robin
   295 | D:3      | Noticed Terence
   329 | D:5      | Entered Level 5 of the Dungeon
   330 | D:5      | Noticed an ogre
   348 | D:4      | Noticed Blork the orc
   446 | D:5      | Noticed a black bear
   460 | D:5      | Found a sacrificial altar of Ru.
   668 | D:4      | Quit the game

Illustrated notes

Levels and vault maps discovered:
D:1:      lemuel_arrival_room, layout_basic
D:2:      layout_loops_ring, serial_rivers, chequers_serial_rivers_room_a,
          chequers_serial_rivers_room_a, chequers_serial_rivers_small_3,
          chequers_serial_rivers_marsh, chequers_serial_rivers_room_a,
          chequers_serial_rivers_room_b, nicolae_underground_beach, uniq_robin,
          uniq_sigmund
D:3:      layout_rooms, minivault_14, st_stairs_1, uniq_grinder, uniq_terence,
          uniq_jessica
D:4:      layout_gridville, uniq_blork_the_orc
D:5:      kennysheep_spiral_hall, layout_cave_pods,
          nicolae_ru_the_path_less_chosen

Skill      XL: |  1  2 |
---------------+-------+-----
Fighting       | 3 |  3.0
Short Blades   | |  3.2
Dodging        | |  4.5

Action                     || total
---------------------------++-------
  Melee: Short sword       ||    59
 Armour: Robe              ||    23
  Dodge: Dodged            ||    70

Table legend: (Time is in decaauts)
 A = Elapsed time spent in this place.
 B = Non-inter-level travel time spent in this place.
 C = Inter-level travel time spent in this place.
 D = Time resting spent in this place.
 E = Time spent auto-exploring this place.
 F = Levels seen in this place.
 G = Mean time per level.
                   A        B        C        D        E       F      G
               +--------+--------+--------+--------+--------+-----+--------+
         Total |    466 |    466 |      0 |      0 |    235 |   5 |   93.2 |
       Dungeon |    466 |    466 |      0 |      0 |    235 |   5 |   93.2 |
               +--------+--------+--------+--------+--------+-----+--------+

Top non-repeatable levels by time:
     D:2: 144 daAuts
     D:4: 133 daAuts
     D:5: 125 daAuts
     D:1: 57 daAuts
     D:3: 5 daAuts
